 Dungeon Crawl Stone Soup version 0.30.0-29-ga12c61a403 (webtiles) character file.

Game seed: 2446921751950906747

81 RascalDebosk the Magician (level 4, -2/31 HPs)
             Began as a Djinni Fire Elementalist on June 4, 2023.
             Slain by an orc
             ... wielding a +0 trident
              (8 damage)
             ... on level 4 of the Dungeon.
             The game lasted 00:13:00 (1366 turns).

RascalDebosk the Magician (DjFE)                    Turns: 1366, Time: 00:13:00

Health: -2/31      AC:  4    Str:  7    XL:     4   Next: 68%
Gold:   137        EV: 12    Int: 18    God:
                   SH:  0    Dex: 14

rFire   + + .        n - +2 short sword (venom)
rCold   x . .        (no shield)
rNeg    . . .        a - +0 robe
rPois   ∞            (no helmet)
rElec   .            f - +0 cloak
rCorr   .            g - +0 pair of gloves
SInv    .            (boots unavailable)
Will    .....        b - amulet of the acrobat
Stlth   ++           (no ring)
HPRegen 0.25/turn    (no ring)
MPRegen 0.00/turn

%: acrobat, infuse magic (-3 HP)
@: flying
A: sickness immunity, fire resistance 2, cold vulnerability 1, float, innate
caster, HP casting, extra vitality 1
a: no special abilities


You were on level 4 of the Dungeon.
You visited 1 branch of the dungeon, and saw 3 of its levels.

You collected 137 gold pieces.

Inventory:

Hand Weapons
 n - a +2 short sword of venom (weapon)
Armour
 a - a +0 robe (worn)
 f - a +0 cloak (worn)
 g - a +0 pair of gloves (worn)
Jewellery
 b - an amulet of the acrobat (around neck)
Scrolls
 d - 2 scrolls of amnesia {unknown}
 i - a scroll of teleportation {unknown}
 k - a scroll of noise {unknown}
 l - a scroll of fog {unknown}
 m - 3 scrolls of identify {unknown}
Potions
 c - a potion of might {unknown}
 e - a potion of heal wounds {unknown}
 h - a potion of magic {unknown}
 j - a potion of curing {unknown}


   Skills:
 + Level 0.0 Fighting
 - Level 2.1 Dodging
 - Level 1.5 Stealth
 * Level 4.0 Spellcasting
 + Level 0.1 Evocations


You knew the following spells:

 Your Spells              Type           Power      Damage    Failure   Level
a - Foxfire               Conj/Fire      72%        2x1d7     2%          1
b - Scorch                Fire           36%        2d6       4%          2
c - Volatile Blastmotes   Fire/Tloc      36%        2d13      9%          3
d - Inner Flame           Hex/Fire       18%        N/A       9%          3
e - Flame Wave            Conj/Fire      18%        2d7       28%         4
f - Summon Small Mammal   Summ           72%        N/A       2%          1
Your spell library was empty.

Dungeon Overview and Level Annotations

Branches:
Dungeon (4/15)
 Temple: D:4-7

Altars:


Innate Abilities, Weirdness & Mutations

You are immune to sickness and miasma.
You are immune to poison.
Your flesh is very heat resistant. (rF++)
You are vulnerable to cold. (rC-)
You float through the air rather than walking.
You learn spells naturally, not from books.
Your magical power is your life essence.
You have superior vitality. (+4 MHP)


Message History

Confirm with . or Enter, or press ? or * to list all spells.
The foxfire hits the kobold but does no damage.
The kobold is moderately wounded.
The foxfire hits the kobold but does no damage.
The kobold is moderately wounded.
An orc comes into view. It is wielding a +0 whip.
Your foxfire dissipates!
Your bat hits the kobold but does no damage.
Your bat closely misses the kobold.
The kobold hits your quokka with a +0 short sword.
An orc comes into view. It is wielding a +0 dagger.
Your quokka bites the kobold but does no damage.
Your bat hits the kobold but does no damage.
Your quokka bites the kobold but does no damage.
The kobold hits your quokka with a +0 short sword.
Your quokka dies!
Your quokka's corpse disappears in a puff of smoke!
Your bat misses the kobold.
Casting: Summon Small Mammal (safe; 3% risk of failure)
Confirm with . or Enter, or press ? or * to list all spells.
Flames lash the kobold.
You kill the kobold!
Your bat hits the orc but does no damage.
The orc hits your bat with a +0 dagger.
Your bat barely misses the orc.
Casting: Scorch (safe; 4% risk of failure)
Confirm with . or Enter, or press ? or * to list all spells.
Your bat barely misses the orc.
An orc comes into view. It is wielding a +0 hand axe.
Your bat closely misses the orc.
Your bat barely misses the orc.
The orc hits your bat with a +0 dagger.
Your bat barely misses the orc.
An orc comes into view. It is wielding a +0 trident.
Your bat closely misses the orc.
Casting: Summon Small Mammal (safe; 3% risk of failure)
Confirm with . or Enter, or press ? or * to list all spells.
Flames lash the orc.
You kill the orc!
Your bat hits the orc but does no damage.
Your bat barely misses the orc.
The orc barely misses your bat. x2
Your bat barely misses the orc.
Casting: Scorch (safe; 4% risk of failure)
Confirm with . or Enter, or press ? or * to list all spells.
Flames lash the orc.
The orc is moderately wounded.
The orc's fire resistance burns away.
Your bat misses the orc.
Your bat closely misses the orc.
The orc barely misses your bat.
Your bat hits the orc but does no damage.
Casting: Scorch (safe; 4% risk of failure)
Confirm with . or Enter, or press ? or * to list all spells.
Flames lash the orc.
You kill the orc!
Your bat barely misses the orc.
Your bat closely misses the orc.
The orc barely misses your bat.
Casting: Scorch (safe; 4% risk of failure)
Confirm with . or Enter, or press ? or * to list all spells.
Flames lash the orc.
The orc is burned terribly!
You kill the orc!
Your bat barely misses the orc.
Your bat closely misses the orc.
Training target 4.0 for Spellcasting reached!
Your Spellcasting skill increases to level 4!
You need to enable at least one skill for training.
Casting: Scorch (safe; 4% risk of failure)
Confirm with . or Enter, or press ? or * to list all spells.
Flames lash the orc.
The orc is lightly wounded.
The orc's fire resistance burns away.
Your bat barely misses the orc.
Your bat hits the orc but does no damage.
The orc hits your bat with a +0 trident!
Your bat dies!
Your bat's corpse disappears in a puff of smoke!
Your bat hits the orc but does no damage.
You hit the orc but do no damage.
The orc is lightly wounded.
Your bat hits the orc but does no damage.
The orc hits your bat with a +0 trident.
The orc closely misses you.
You hit the orc but do no damage.
The orc is lightly wounded.
Your bat hits the orc but does no damage.
The orc barely misses you.
You hit the orc.
The orc is poisoned.
The orc is moderately wounded.
The orc is no longer more vulnerable to fire.
Your bat hits the orc but does no damage.
The orc hits you but does no damage.
Casting: Scorch (safe; 4% risk of failure)
Confirm with . or Enter, or press ? or * to list all spells.
Flames lash the orc.
The orc is severely wounded.
The orc's fire resistance burns away.
The orc hits you from afar with a +0 trident!
* * * LOW HITPOINT WARNING * * *
The orc hits you with a +0 whip.
* * * LOW HITPOINT WARNING * * *
Your bat barely misses the orc.
You hit the orc.
You kill the orc!
Your bat hits the orc.
The orc hits you from afar with a +0 trident!
You die...

# #.##.#.# .#
#.##.#.######.#
#.##.....†....#
#...........#.#
#####...#)..#.#
......†#<#..#.#
.###....#.....#
##.......#.#######
...........@.......
##########b########
#....o.......
#.##)######## ..
#.# .. ... #...


You could see an orc (combustible, ally target) and a friendly bat (summoned).

Vanquished Creatures
  Natasha (D:2)
  A dart slug (D:4)
  4 orcs (D:4)
  6 ball pythons
  2 endoplasms (D:1)
  A giant cockroach (D:4)
  3 goblins (D:1)
  4 hobgoblins
  10 jackals (D:1)
  3 frilled lizards (D:1)
  8 kobolds
  4 rats
47 creatures vanquished.

Vanquished Creatures (others)
  69 foxfires
69 creatures vanquished.

Grand Total: 116 creatures vanquished

Notes
Turn   | Place    | Note
-------+----------+-------------------------------------------
     0 | D:1      | RascalDebosk the Djinni Fire Elementalist began the quest
                  | for the Orb.
     0 | D:1      | RascalDebosk set off with the following spells memorised:
                  | Foxfire, Scorch, Volatile Blastmotes, Inner Flame, Flame
                  | Wave.
     0 | D:1      | Reached XP level 1. HP: 15/15 MP: 0/0
   103 | D:1      | Reached XP level 2. HP: 17/21 MP: 0/0
   231 | D:1      | Reached skill level 3 in Spellcasting
   323 | D:1      | Reached XP level 3. HP: 22/25 MP: 0/0
   323 | D:1      | Learned a level 1 spell: Summon Small Mammal
   394 | D:1      | Found a faded altar of an unknown god.
   972 | D:2      | Noticed Natasha
   980 | D:2      | Killed Natasha
   981 | D:2      | Reached XP level 4. HP: 19/31 MP: 0/0
  1272 | D:2      | You are sucked into a shaft and drop 2 floors!
  1361 | D:4      | Reached skill level 4 in Spellcasting
  1366 | D:4      | Slain by an orc

Illustrated notes

Levels and vault maps discovered:
D:1:      mrwooster_arrival_statue_3, layout_basic,
          shapermc_ecumenical_altar_gd, minmay_misc_feat_enclosed,
          hex_intersection, grunt_decor_junction
D:2:      layout_loops_corners, dreamdust_princess_bridge, uniq_natasha
D:4:      layout_basic, nicolae_ru_great_annihilating_truth,
          minmay_temple_entry_junction, gup_sewer_entry_glass,
          gammafunk_ghost_arena, st_stairs_14, minivault_14,
          serial_bayou_pond_a, minmay_misc_feat_roman, dk_noncrumbling_4

Skill      XL: |  1  2  3  4 |
---------------+-------------+-----
Spellcasting   | 3 4 |  4.0
Dodging        | |  2.1
Stealth        | |  1.5
Evocations     | |  0.1

Action                     |  1- 3 |  4- 6 || total
---------------------------+-------+-------++-------
  Melee: Dagger            |     8 |     1 ||     9
         Punch             |     1 |       ||     1
         Short sword       |       |     4 ||     4
   Cast: Foxfire           |    36 |     8 ||    44
         Scorch            |    13 |     8 ||    21
         Inner Flame       |     6 |       ||     6
         Summon Small Mamm |     2 |     3 ||     5
 Armour: Robe              |     5 |     1 ||     6
  Dodge: Dodged            |    14 |     3 ||    17
